 Dungeon Crawl Stone Soup version 0.20.1-1-g8b1a95d (webtiles) character file.

364 Irenicus the Insei (level 6, -5/37 HPs)
             Began as an Octopode Chaos Knight on Oct 13, 2017.
             Slain by an orc priest
             ... wielding a +0 flail
              (11 damage)
             ... on level 4 of the Dungeon.
             The game lasted 00:07:38 (2741 turns).

Irenicus the Insei (Octopode Chaos Knight)          Turns: 2741, Time: 00:07:39

Health: -5/37      AC:  1    Str: 11 (12) XL:     6   Next: 67%
Magic:  6/6        EV: 13    Int: 14      God:    Xom [*.....]
Gold:   227        SH:  0    Dex: 11      Spells: 5/5 levels left

rFire    . . .     SeeInvis .     - Unarmed
rCold    + . .     Gourm    .   (no shield)
rNeg     . . .     Faith    .   (helmet restricted)
rPois    +         Spirit   .   (no amulet)
rElec    .         Reflect  .   n - ring of poison resistance
rCorr    .         Harm     .   r - ring of protection from cold
MR       .....                  q - ring of wizardry (curse)
Stlth    +++.......             (no ring)
Regen    0.6/turn               (no ring)
MPRegen  0.1/turn               (no ring)
                                (no ring)
                                (no ring)

@: no status effects
A: almost no armour, stealthy swim, amphibious, 8 rings, constrict 8, camouflage
1, clumsy 1, deterioration 1, frail 1, regeneration 1, gelatinous body 1
a: Renounce Religion


You were on level 4 of the Dungeon.
You worshipped Xom.
You were a special plaything of Xom.
You were hungry.

You visited 1 branch of the dungeon, and saw 4 of its levels.

You collected 227 gold pieces.

Inventory:

Jewellery
 n - a ring of poison resistance (left tentacle)
 q - a cursed ring of wizardry (on tentacle)
 r - a ring of protection from cold (right tentacle)
Wands
 s - a wand of paralysis (12/24)
Scrolls
 c - a scroll of identify {unknown}
 f - a scroll of teleportation
 h - 2 scrolls of blinking {unknown}
 i - 2 scrolls of remove curse {unknown}
 j - a scroll of amnesia {unknown}
 k - a scroll of recharging {unknown}
 l - a scroll of enchant weapon {unknown}
Potions
 e - a potion of flight
 m - a potion of curing
 o - a potion of ambrosia {unknown}
Comestibles
 a - 7 bread rations
 b - a royal jelly
 d - 4 meat rations
 g - 3 fruits


   Skills:
 - Level 3.0 Fighting
 - Level 2.3 Dodging
 - Level 4.0 Stealth
 + Level 6.6 Unarmed Combat
 + Level 0.2 Evocations


You had 5 spell levels left.
You didn't know any spells.

Dungeon Overview and Level Annotations

Branches:
Dungeon (4/15)
 Temple: D:4-7

Altars:
Ashenzari
Gozag
Hepliaklqana

Annotations:
D:3 dscm's ghost, amateur HOFi


Innate Abilities, Weirdness & Mutations

You cannot wear most types of armour.
You are very stealthy in the water. (Stealth+)
You are amphibious.
You can wear up to eight rings at the same time.
You can use your tentacles to constrict eight enemies at once.
Your skin changes colour to match your surroundings (Stealth+).
Your rubbery body absorbs attacks. (AC +1, EV +1)
You are clumsy. (Dex -2)
Your body sometimes deteriorates upon taking damage.
You are frail. (-10% HP)
Your natural rate of healing is unusually fast.


Message History

Aim: an orc, wielding a vampiric hand axe and wearing a leather armour (paralysed, chance to defeat MR: 63%)
The orc resists with significant effort.
Evoking this partially-identified wand wasted a few charges.
You barely miss the orc wizard. You grab the orc wizard.
You squeeze the orc wizard!
The orc wizard is severely wounded.
You constrict the orc wizard. The orc wizard hits you with a dagger.
The orc priest calls upon Beogh to heal the orc wizard.
The orc wizard is healed somewhat.
You bludgeon the orc wizard!
You kill the orc wizard!
The orc priest looks satisfied for a moment.
The orc priest hits you with a flail!
* * * LOW HITPOINT WARNING * * *
Items here: )) [ † a dagger; a robe; a club; an orc corpse You tentacle-slap the orc priest.
You grab the orc priest.
The orc priest is moderately wounded.
You constrict the orc priest. The orc priest hits you with a flail!
You die...

#.# #..
#.# ..
#.# #.#
#.# #.#
#.# #)#
#@# #oo#
.(...
##....#
#.....#
#.?....#
#.[....#
#......#


You could see an orc priest and an orc (paralysed).

Vanquished Creatures
  2 howler monkeys (D:4)
  2 orc priests (D:4)
  3 orc wizards
  An iguana (D:4)
  4 adders
  An ooze (D:3)
  2 worms
  3 dart slugs
  2 leopard geckos (D:3)
  9 orcs
  5 giant cockroaches
  8 goblins
  7 hobgoblins
  A ball python (D:3)
  6 bats
  3 frilled lizards
  9 kobolds
  7 rats
75 creatures vanquished.

Notes
Turn   | Place    | Note
-------+----------+-------------------------------------------
     0 | D:1      | Irenicus the Octopode Chaos Knight began the quest for the Orb.
     0 | D:1      | Reached XP level 1. HP: 16/16 MP: 1/1
    54 | D:1      | Reached skill level 1 in Stealth
   118 | D:1      | Reached XP level 2. HP: 15/21 MP: 2/2
   771 | D:2      | Reached XP level 3. HP: 26/26 MP: 3/3
  1212 | D:2      | Reached XP level 4. HP: 26/31 MP: 4/4
  1472 | D:3      | XOM: polymorph hobgoblin -> rat
  1504 | D:3      | Reached skill level 4 in Unarmed Combat
  1606 | D:3      | Noticed dscm's ghost (amateur HOFi)
  1841 | D:3      | Reached XP level 5. HP: 12/36 MP: 5/5
  1881 | D:3      | XOM: mild Ice miscast
  1922 | D:3      | Found a shattered altar of Ashenzari.
  1928 | D:3      | Found a hazy altar of Hepliaklqana.
  1991 | D:4      | Reached skill level 5 in Unarmed Combat
  2116 | D:4      | XOM: 3-stop teleportation journey
  2133 | D:3      | XOM: medium Tloc miscast
  2224 | D:3      | XOM: silly message
  2295 | D:3      | XOM: give mutations
  2295 | D:3      | Gained mutation: You are clumsy. (Dex -2) [Xom's mischief]
  2295 | D:3      | Gained mutation: Your body sometimes deteriorates upon taking damage. [Xom's mischief]
  2295 | D:3      | Gained mutation: You are frail. (-10% HP) [Xom's mischief]
  2295 | D:3      | Gained mutation: Your natural rate of healing is unusually fast. [Xom's mischief]
  2311 | D:3      | Found an opulent altar of Gozag.
  2499 | D:4      | Noticed an orc warrior
  2505 | D:4      | XOM: swap monsters
  2511 | D:4      | XOM: noise
  2523 | D:4      | XOM: summons friendly shadow imp
  2534 | D:4      | XOM: butterfly on damage
  2579 | D:4      | Reached XP level 6. HP: 27/37 MP: 6/6
  2650 | D:4      | Reached skill level 6 in Unarmed Combat
  2741 | D:4      | Slain by an orc priest

Skill      XL: |  1  2  3  4  5  6 |
---------------+-------------------+-----
Stealth        | 2 3 4 |  4.0
Unarmed Combat | 4 5 6 |  6.6
Fighting       | |  3.0
Dodging        | |  2.3
Evocations     | |  0.2

Action                   |  1- 3 |  4- 6 || total
-------------------------+-------+-------++-------
Melee: Unarmed           |    74 |    92 ||   166
       Constrict         |    19 |    25 ||    44
       Tentacles         |     8 |    18 ||    26
       Punch             |     3 |     3 ||     6
Evoke: Wand              |       |     2 ||     2
  Use: Potion            |       |     5 ||     5
       Scroll            |       |     3 ||     3
 Stab: Sleeping          |    11 |     8 ||    19
  Eat: Chunk             |     1 |     4 ||     5
Armor: Skin              |     5 |     9 ||    14
Dodge: Dodged            |    33 |    56 ||    89
